 Dungeon Crawl Stone Soup version 0.18-a0-1126-ga2d7f46 (webtiles) character file.

4463 M4edhros the Covert (level 10, -2/52 HPs)
             Began as an Octopode Artificer on Jan 20, 2016.
             Was a Priest of Fedhas.
             Shot with an arrow of flame by a centaur (3 damage)
             ... on level 10 of the Dungeon.
             The game lasted 00:15:34 (9594 turns).

M4edhros the Covert (Octopode Artificer)            Turns: 9594, Time: 00:15:35

Health: -2/52      AC:  1    Str: 11    XL:     10   Next: 37%
Magic:  15/15      EV: 16    Int: 15    God:    Fedhas [***...]
Gold:   575        SH:  0    Dex: 13    Spells: 0 memorised, 9 levels left

rFire  + . .     SeeInvis .     y - +3 quarterstaff (chaos)
rCold  . . .     Gourm    .     (shield currently unavailable)
rNeg   . . .     Faith    +     (helmet restricted)
rPois  .         Spirit   .     t - amulet of faith
rElec  .         Dismiss  .     F - ring of protection from fire
rCorr  .         Reflect  .     (no ring)
SustAt .         Harm     .     (no ring)
MR     .....                    (no ring)
Stlth  +++++++...               (no ring)
                                (no ring)
                                (no ring)
                                (no ring)

@: not resistant to hostile enchantments, extremely stealthy
A: almost no armour, amphibious, 8 rings, constrict 8, tentacle spike 1,
camouflage 1, dopey 1, frail 1, gelatinous body 1
a: Evolution, Sunlight, Growth, Renounce Religion


You were on level 10 of the Dungeon.
You worshipped Fedhas.
Fedhas was most pleased with you.
You were not hungry.

You visited 2 branches of the dungeon, and saw 11 of its levels.

You collected 575 gold pieces.

Inventory:

Hand Weapons
 g - a +2 whip of distortion
 n - a +0 blowgun
 y - a +3 quarterstaff of chaos (weapon)
 L - a +1 dagger of venom
Missiles
 e - 276 stones (quivered)
 i - 81 sling bullets
 o - 84 poisoned needles
 s - 4 javelins
Jewellery
 t - an amulet of faith (around mantle)
 F - a ring of protection from fire (left tentacle)
Wands
 a - a wand of slowing (36/48)
 b - a wand of flame (7/48)
 c - a wand of enslavement (7/24)
 d - a wand of random effects (11/48)
 p - a wand of polymorph (10/24)
 J - a wand of disintegration (10/24)
 K - a wand of digging (17/24)
Scrolls
 f - 3 scrolls of blinking
 h - a scroll of random uselessness {unknown}
 k - a scroll of magic mapping {unknown}
 l - a scroll of enchant armour {unknown}
 m - 5 scrolls of teleportation
 u - 2 scrolls of amnesia {unknown}
 w - a scroll of immolation
 x - 3 scrolls of remove curse
 C - a scroll of recharging
Potions
 r - 2 potions of lignification
 v - a potion of flight
 z - a potion of invisibility
 A - a potion of might
 D - a potion of haste
Books
 E - a book of the Sky

   Spells                             Type                      Level
   a - Summon Lightning Spire         Summoning/Air                4
   b - Airstrike                      Air                          4
   c - Silence                        Hexes/Air                    5
   d - Deflect Missiles               Charms/Air                   6
   e - Conjure Ball Lightning         Conjuration/Air              6
   f - Tornado                        Air                          9
Comestibles
 j - 3 slices of pizza
 B - 4 meat rations
 G - 2 beef jerkies
 I - 4 bread rations


   Skills:
 - Level 1.0 Fighting
 - Level 1.0 Short Blades
 * Level 8.6 Dodging
 * Level 12.2 Stealth
 + Level 6.2 Invocations
 + Level 7.6 Evocations


You had 9 spell levels left.
You didn't know any spells.

Dungeon Overview and Level Annotations

Branches:
Dungeon (10/15)            Temple (1/1) D:4            Lair (0/8) D:10
    Orc (0/2) D:9

Altars:
Ashenzari
Cheibriados
Dithmenos
Elyvilon
Fedhas
Gozag
Kikubaaqudgha
Makhleb
Nemelex Xobeh
Okawaru
Pakellas
Qazlal
Ru
Sif Muna
Trog
Vehumet
Xom
Yredelemnul
Zin
The Shining One
Beogh


Innate Abilities, Weirdness & Mutations

You cannot wear most types of armour.
You are amphibious.
You can wear up to eight rings at the same time.
You can use your tentacles to constrict eight enemies at once.
Your skin changes colour to match your surroundings (Stealth).
Your rubbery body absorbs attacks (AC +1).
One of your tentacles bears a spike.
You are dopey. (Int -2)
You are frail (-10% HP).


Message History

Evoke which item? (* to show all) (? for menu, Esc to quit)
Zapping:
c - a wand of enslavement (9/24)
Press: ? - help, Shift-Dir - straight line, f - orc
Aim: an orc, wielding a flail and wearing a chain mail (chance to defeat MR: 89%)
The centaur resists with significant effort.
This wand has 8 charges left.
You constrict the orc wizard.
The centaur shoots an arrow of flame.
The arrow of flame completely misses you.
The orc wizard barely misses you. The orc closely misses you.
Evoke which item? (* to show all) (? for menu, Esc to quit)
Zapping:
c - a wand of enslavement (8/24)
Press: ? - help, Shift-Dir - straight line, f - orc
Aim: an orc, wielding a flail and wearing a chain mail (chance to defeat MR: 89%)
The centaur resists with significant effort.
This wand has 7 charges left.
You constrict the orc wizard.
The centaur shoots an arrow of flame.
The arrow of flame hits you!
* * * LOW HITPOINT WARNING * * *
The arrow of flame burns you.
You die...
Fedhas appreciates your contribution to the ecosystem.

#......#.....##.
..#......#.....[#. #
..#......#......'. #.
..#......#......#. .#
#..####'##.....####'#### .#
###+##........#...f.......... .#
#....#........#..f........... .#
+<...#.....oo.#...f.......... .#
#)...#######@##..............
.####.............))f÷.......####
..............(.....(........#
#....####....................#
#....# #....................#
#....# ##'###.......#########
#....# . #.......# #....#
#..c....# #....# #.......#


You could see a centaur, an orc wizard, an orc and a friendly wandering
mushroom.

Vanquished Creatures
  A cyclops (D:9)
  A wyvern (D:9)
  A spriggan (D:8)
  A wolf (D:10)
  A water moccasin (D:5)
  2 black bears (D:9)
  2 ogres
  A phantom (D:5)
  A wasp (D:7)
  2 centaurs
  Blork the orc (D:4)
  A wyvern skeleton (D:7)
  A scorpion (D:8)
  3 killer bees (D:9)
  4 wights (D:8)
  An electric eel (D:10)
  A crimson imp (D:6)
  A quasit (D:5)
  4 hounds
  A jelly (D:6)
  3 gnolls
  A giant frog skeleton (D:5)
  Crazy Yiuf (D:4)
  4 orc priests
  2 iguanas
  Natasha (thrice) (D:2)
  4 orc wizards
  4 worker ants
  A hound skeleton (D:5)
  5 adders
  A shadow imp (D:6)
  An ooze (D:2)
  4 adder skeletons
  4 giant geckos
  21 orcs
  4 ball pythons
  3 giant cockroaches
  5 goblins
  4 hobgoblins
  6 jackals
  5 quokkas
  5 bats
  A giant gecko skeleton (D:4)
  8 giant newts
  5 kobolds
  6 rats
  A toadstool (D:10)
143 creatures vanquished.

Vanquished Creatures (collateral kills)
  A centaur warrior (D:9)
  A hill giant (D:10)
  A wolf (D:10)
  A vampire (D:10)
  2 hippogriffs
  Menkaure (D:5)
  A water moccasin (D:9)
  An ogre (D:4)
  A big kobold (D:9)
  A giant frog (D:9)
  4 hounds (D:10)
  3 orc priests
  4 orc wizards
  An iguana (D:10)
  A worker ant zombie (D:5)
  2 gnolls (D:5)
  A giant gecko (D:9)
  11 orcs
38 creatures vanquished.

Vanquished Creatures (others)
  A necrophage (D:8)
  An orc wizard (D:3)
  A gnoll (D:3)
  3 wandering mushrooms
  A fire vortex (D:10)
  101 toadstools
108 creatures vanquished.

Grand Total: 289 creatures vanquished

Notes
Turn   | Place    | Note
--------------------------------------------------------------
     0 | D:1      | M4edhros the Octopode Artificer began the quest for the Orb.
     0 | D:1      | Reached XP level 1. HP: 13/13 MP: 3/3
   292 | D:2      | Reached XP level 2. HP: 15/18 MP: 4/4
   363 | D:3      | Found a burning altar of Makhleb.
   592 | D:4      | Noticed Blork the orc
   605 | D:4      | Reached XP level 3. HP: 20/23 MP: 5/5
   607 | D:4      | Killed Blork the orc
   607 | D:4      | Reached skill level 4 in Stealth
   607 | D:4      | Reached XP level 4. HP: 24/28 MP: 6/6
   725 | D:4      | Found a staircase to the Ecumenical Temple.
   730 | Temple   | Entered the Ecumenical Temple
   970 | Temple   | Became a worshipper of Xom of Many Doors
   993 | Temple   | Fell from the grace of Xom
   993 | Temple   | Became a worshipper of Fedhas Madash
  1020 | D:3      | Found an ancient bone altar of Kikubaaqudgha.
  1425 | D:2      | Reached XP level 5. HP: 33/33 MP: 7/7
  1567 | D:2      | XOM: mild Pois miscast
  1647 | D:2      | Noticed Natasha
  1656 | D:2      | Killed Natasha
  1658 | D:2      | Reached * piety under Fedhas
  1915 | D:1      | XOM: mild Fire miscast
  2164 | D:2      | Noticed Natasha
  2179 | D:2      | Killed Natasha
  2179 | D:2      | Reached skill level 5 in Stealth
  2211 | D:2      | Noticed Natasha
  2214 | D:2      | Killed Natasha
  2489 | D:3      | XOM: enchant monster (bad)
  2508 | D:3      | Reached XP level 6. HP: 13/38 MP: 9/9
  2510 | D:3      | Reached skill level 1 in Invocations
  3356 | D:4      | Reached skill level 6 in Stealth
  3464 | D:4      | XOM: polymorph wandering mushroom -> oklob plant
  3514 | D:4      | Noticed Crazy Yiuf
  3574 | D:4      | Killed Crazy Yiuf
  3574 | D:4      | Reached XP level 7. HP: 28/43 MP: 10/10
  3802 | D:5      | Entered Level 5 of the Dungeon
  4269 | D:5      | Reached skill level 7 in Stealth
  4272 | D:5      | Reached skill level 5 in Dodging
  4370 | D:5      | XOM: torment (13/43 hp)
  4678 | D:5      | Reached skill level 5 in Evocations
  4678 | D:5      | Reached XP level 8. HP: 24/48 MP: 11/11
  4679 | D:5      | Reached ** piety under Fedhas
  4959 | D:5      | Noticed Menkaure
  4972 | D:5      | Killed Menkaure
  4972 | D:5      | Reached skill level 8 in Stealth
  5537 | D:5      | Found a glowing silver altar of Zin.
  5538 | D:5      | Found a radiant altar of Vehumet.
  5642 | D:6      | XOM: mild Summ miscast
  5676 | D:6      | Found an opulent altar of Gozag.
  5870 | D:6      | Found a basalt altar of Yredelemnul.
  6222 | D:6      | Reached skill level 9 in Stealth
  6330 | D:6      | XOM: noise
  6506 | D:7      | XOM: mild Air miscast
  6932 | D:7      | Reached XP level 9. HP: 37/53 MP: 13/13
  6940 | D:7      | XOM: mild Pois miscast
  7073 | D:8      | Reached *** piety under Fedhas
  7104 | D:8      | XOM: mild Air miscast
  7132 | D:8      | XOM: divination: detect creatures
  7207 | D:8      | Gained mutation: You are dopey. (Int -2) [potion of mutation]
  7207 | D:8      | Gained mutation: You are frail (-10% HP). [potion of mutation]
  7207 | D:8      | Gained mutation: One of your tentacles bears a spike. [potion of mutation]
  7323 | D:8      | Reached skill level 10 in Stealth
  7745 | D:9      | Noticed a centaur warrior
  7756 | D:9      | Killed a centaur warrior
  7756 | D:9      | Reached skill level 5 in Invocations
  7774 | D:9      | Killed a wyvern
  8013 | D:9      | Found a staircase to the Orcish Mines.
  8034 | D:9      | Found a shattered altar of Ashenzari.
  8093 | D:9      | HP: 2/47 [killer bee (5)]
  8098 | D:9      | Reached skill level 11 in Stealth
  8103 | D:9      | XOM: mild Hex miscast
  8371 | D:9      | XOM: mild Divn miscast
  8430 | D:9      | XOM: medium Hex miscast
  8548 | D:9      | Noticed a cyclops
  8682 | D:9      | Killed a cyclops
  8833 | D:9      | Reached XP level 10. HP: 52/52 MP: 15/15
  8935 | D:9      | Found a roughly hewn altar of Beogh.
  9175 | D:10     | Entered Level 10 of the Dungeon
  9225 | D:10     | Found a staircase to the Lair.
  9294 | D:10     | XOM: mild Hex miscast
  9385 | D:10     | XOM: mild Fire miscast
  9410 | D:10     | Noticed a hill giant
  9429 | D:10     | Killed a hill giant
  9429 | D:10     | Reached skill level 12 in Stealth
  9594 | D:10     | HP: 1/52 [centaur/arrow of flame (13)]
  9594 | D:10     | Shot with an arrow of flame by a centaur

Vault maps used:
D:1:      dpeg_arrival_rooms_b
D:2:      minmay_misc_feat_columns, uniq_natasha
D:3:      lemuel_crystal_altar, nicolae_overflow_crystal_walls
D:4:      temple_doors_d, first_bread, uniq_blork_the_orc,
          uniq_crazy_yiuf_cottage
D:5:      kennysheep_six_static_rooms, gammafunk_temple_overflow_pools,
          uniq_menkaure
D:6:      nicolae_overflow_hidden_temple, kennysheep_mini_moat
D:7:      interstate_on_off
D:8:      the_bakery
D:9:      minmay_distorted_concentric_squares, minmay_orc_entry_temple_small,
          ashenzari_altar_1
D:10:     erik_lair_island, uniq_maurice
Temple:   hc_temple_tempest_star

Action                   |  1- 3 |  4- 6 |  7- 9 | 10-12 || total
-------------------------+-------+-------+-------+-------++-------
Melee: Short sword       |    29 |    66 |       |       ||    95
       Unarmed           |     7 |       |       |       ||     7
       Quarterstaff      |       |       |   192 |    13 ||   205
       Dagger            |       |       |       |    20 ||    20
 Fire: Blowgun           |       |       |       |    26 ||    26
Invok: Evolution         |       |     2 |     3 |     3 ||     8
       Sunlight          |       |       |     1 |       ||     1
Evoke: Wand              |     2 |    10 |    11 |     3 ||    26
  Use: Potion            |       |       |    15 |       ||    15
       Scroll            |       |       |     7 |     1 ||     8
 Stab: Sleeping          |     5 |    10 |    27 |     5 ||    47
       Confused          |     1 |       |     2 |     2 ||     5
       Distracted        |       |     1 |       |       ||     1
       Paralysed         |       |       |    11 |       ||    11
       Petrifying        |       |       |     1 |       ||     1
  Eat: Bread ration      |       |     1 |     1 |       ||     2
       Royal jelly       |       |     1 |     1 |       ||     2
       Chunk             |       |       |     5 |       ||     5
       Meat ration       |       |       |     2 |       ||     2
